 Dungeon Crawl Stone Soup version 0.23.2-1-ga50397a6bc (webtiles) character file.

Game seed: 14472691814809319328

30 MisterOstroum the Vexing (level 3, 0/14 HPs)
             Began as a Felid Enchanter on May 19, 2019.
             Slain by Ijyb
             ... wielding a +0 club
              (3 damage)
             ... on level 3 of the Dungeon.
             The game lasted 00:09:59 (1948 turns).

MisterOstroum the Vexing (Felid Enchanter)          Turns: 1948, Time: 00:09:59

Health: 0/14       AC:  1    Str:  5    XL:     3   Next: 5%
Magic:  0/7        EV: 18    Int: 16    God:
Gold:   133        SH:  0    Dex: 16    Spells: 0/6 levels left
                                        Lives:  0   Deaths: 0

rFire    . . .     SeeInvis +     - Unarmed
rCold    . . .     Gourm    .   (shield unavailable)
rNeg     . . .     Faith    .   (armour unavailable)
rPois    .         Spirit   .   (helmet unavailable)
rElec    .         Reflect  .   (cloak unavailable)
rCorr    .         Harm     .   (gloves unavailable)
MR       .....                  (boots unavailable)
Stlth    +++.......             (no amulet)
HPRegen  0.04/turn              (no ring)
MPRegen  0.10/turn              (no ring)

@: quick
A: very small, no armour, no weapons or thrown items, stealth, claws 1, fangs 3,
see invisible, carnivore, speed 1, shaggy fur 1, slow metabolism 1, sharp paws
a: no special abilities


You were on level 3 of the Dungeon.
You were very full.

You visited 1 branch of the dungeon, and saw 3 of its levels.

You collected 133 gold pieces.

Inventory:

Scrolls
 a - a scroll of remove curse {unknown}
 c - 4 scrolls of teleportation {unknown}
Potions
 d - 3 potions of flight {unknown}
 f - a potion of heal wounds {unknown}
 g - a potion of curing {unknown}
 h - 2 potions of might {unknown}
Comestibles
 b - a chunk of flesh
 e - 4 rations


   Skills:
 - Level 2.6 Dodging
 + Level 4.5 Stealth
 + Level 1.6 Unarmed Combat
 + Level 2.4 Spellcasting
 + Level 4.9 Hexes


You couldn't memorise any spells.
You knew the following spells:

 Your Spells              Type           Power        Failure   Level  Hunger
a - Ensorcelled Hibernat  Hex/Ice        #.....       11%         2    ###....
b - Confuse               Hex            ###.....     8%          3    ###....
c - Corona                Hex            ###....      2%          1    #......

Your spell library contained the following spells:

 Spells                   Type           Power        Failure   Level  Hunger
 Tukima's Dance           Hex            ###.....     8%          3    ###....
 Dazzling Spray           Conj/Hex       #.....       22%         3    ###....


Dungeon Overview and Level Annotations

Branches:
Dungeon (3/15)

Altars:
The Shining One

Annotations:
D:3 Ijyb


Innate Abilities, Weirdness & Mutations

You cannot wear armour.
You are incapable of wielding weapons or throwing items.
Your paws allow you to move quietly. (Stealth)
You have sharp claws.
You have razor-sharp teeth.
You have supernaturally acute eyesight. (SInv)
You are carnivorous and can eat meat at any time.
You cover ground quickly.
You are covered in fur. (AC +1)
You have a slow metabolism.
Your sharp claws are effective at attacking unaware monsters.


Message History

Aiming: Corona (safe; 2% risk of failure)
Press: ? - help, Shift-Dir - straight line, f - Ijyb
Aim: Ijyb, wielding a +0 club, wearing a +3 leather armour of fire resistance and carrying a wand of random effects (10) (chance to defeat MR: 63%) Ijyb struggles to resist.
Casting: Corona (safe; 2% risk of failure)
Confirm with . or Enter, or press ? or * to list all spells.
Aiming: Corona (safe; 2% risk of failure)
Press: ? - help, Shift-Dir - straight line, f/p - Ijyb
Aim: Ijyb, wielding a +0 club, wearing a +3 leather armour of fire resistance and carrying a wand of random effects (10) (chance to defeat MR: 63%) Ijyb is outlined in light.
Ijyb hits you with a +0 club.
Casting: Corona (safe; 2% risk of failure)
Confirm with . or Enter, or press ? or * to list all spells.
Aiming: Confuse (safe; 8% risk of failure)
Press: ? - help, Shift-Dir - straight line, f/p - Ijyb
Aim: Ijyb, wielding a +0 club, wearing a +3 leather armour of fire resistance and carrying a wand of random effects (10) (softly glowing, chance to defeat MR: 56%) Ijyb resists with significant effort.
Ijyb completely misses you.
Casting: Confuse (safe; 8% risk of failure)
Confirm with . or Enter, or press ? or * to list all spells.
You don't have enough magic to cast that spell.
Unknown command.
Casting: Confuse (safe; 8% risk of failure)
Confirm with . or Enter, or press ? or * to list all spells.
Aiming: Ensorcelled Hibernation (safe; 11% risk of failure)
Press: ? - help, Shift-Dir - straight line, f/p - Ijyb
Aim: Ijyb, wielding a +0 club, wearing a +3 leather armour of fire resistance and carrying a wand of random effects (10) (softly glowing, chance to defeat MR: 50%) Ijyb resists with some effort.
Ijyb misses you.
You barely miss Ijyb. Ijyb hits you but does no damage.
You scratch Ijyb but do no damage. Ijyb closely misses you.
You scratch Ijyb but do no damage. Ijyb hits you but does no damage.
You scratch Ijyb.
Ijyb is lightly wounded.
Ijyb barely misses you.
You scratch Ijyb. Your bite misses Ijyb.
Ijyb is lightly wounded.
Ijyb closely misses you.
Some of the chunks of flesh in your inventory have rotted away.
You scratch Ijyb.
Ijyb is moderately wounded.
Ijyb stops glowing.
Ijyb hits you with a +0 club.
You scratch Ijyb but do no damage.
Ijyb is moderately wounded.
You scratch Ijyb but do no damage.
Ijyb is moderately wounded.
Ijyb misses you.
You are too injured to fight recklessly!
You scratch Ijyb but do no damage.
Ijyb is moderately wounded.
Ijyb hits you but does no damage.
You scratch Ijyb but do no damage.
Ijyb is moderately wounded.
Ijyb screams, "Level is mine!
All mine!"
Ijyb barely misses you.
You barely miss Ijyb.
Ijyb is moderately wounded.
Ijyb completely misses you.
You scratch Ijyb.
Ijyb is heavily wounded.
Ijyb barely misses you.
You scratch Ijyb but do no damage.
Ijyb is heavily wounded.
Ijyb misses you.
You closely miss Ijyb.
Ijyb is heavily wounded.
Ijyb hits you with a +0 club.
You scratch Ijyb.
Ijyb is severely wounded.
You closely miss Ijyb.
Ijyb is severely wounded.
Ijyb completely misses you.
You barely miss Ijyb.
Ijyb is severely wounded.
Ijyb completely misses you.
Casting: Ensorcelled Hibernation (safe; 11% risk of failure)
Confirm with . or Enter, or press ? or * to list all spells.
Aiming: Ensorcelled Hibernation (safe; 11% risk of failure)
Press: ? - help, Shift-Dir - straight line, f/p - Ijyb
Aim: Ijyb, wielding a +0 club, wearing a +3 leather armour of fire resistance and carrying a wand of random effects (10) (severely wounded, chance to defeat MR: 50%) Ijyb looks drowsy...
You pounce on the unaware helpless Ijyb!
You scratch Ijyb.
Ijyb is almost dead.
Ijyb barely misses you.
You closely miss Ijyb.
Ijyb is almost dead.
Ijyb misses you.
You scratch Ijyb but do no damage. You bite Ijyb, but do no damage.
Ijyb is almost dead.
Ijyb completely misses you.
You closely miss Ijyb.
Ijyb is almost dead.
Ijyb closely misses you.
You miss Ijyb.
Ijyb is almost dead.
Ijyb hits you with a +0 club.
* * * LOW HITPOINT WARNING * * *
You closely miss Ijyb.
Ijyb is almost dead.
Ijyb screams, "Get away!"
Ijyb hits you with a +0 club.
You die...

#.# ## #.# ##.# ### #.#
#.... ..# #.# #.#.###.#
#.# #...g...##### #.#
#....@......# #.#
#........%..#####.###
.......##.##..#.......#
####...#...#..#.##....#
......._......#.....##
#..#..#...#....#......#
....#..##.##....#...#...
##. #.......)...##..#.##
#........|........#


You could see Ijyb.

Vanquished Creatures
  2 dart slugs (D:1)
  A leopard gecko (D:2)
  3 bats
  6 goblins
  5 kobolds
  2 ball pythons (D:1)
  2 frilled lizards
  3 rats
24 creatures vanquished.

Notes
Turn   | Place    | Note
-------+----------+-------------------------------------------
     0 | D:1      | MisterOstroum the Felid Enchanter began the quest for the
                  | Orb.
     0 | D:1      | Reached XP level 1. HP: 7/7 MP: 4/4
   364 | D:1      | Reached XP level 2. HP: 11/11 MP: 6/6
   772 | D:1      | Learned a level 2 spell: Ensorcelled Hibernation
  1649 | D:2      | Reached XP level 3. HP: 14/14 MP: 7/7
  1896 | D:3      | Found a glowing golden altar of the Shining One.
  1898 | D:3      | Noticed Ijyb
  1916 | D:3      | Learned a level 3 spell: Confuse
  1948 | D:3      | Slain by Ijyb

Action                   || total
-------------------------++-------
Melee: Unarmed           ||    73
       Bite              ||     7
       Punch             ||     1
 Cast: Ensorcelled Hiber ||     3
       Corona            ||     2
       Confuse           ||     1
 Stab: Sleeping          ||    14
       Distracted        ||     1
  Eat: Chunk             ||     9
Armor: Skin              ||     2
Dodge: Dodged            ||    43
